 Dungeon Crawl Stone Soup version 0.28-a0-723-g095bd1b44f (webtiles) character file.

Game seed: 5733619706239984183

0 meatgazer the Skirmisher (level 1, 0/18 HPs)
             Began as a Demonspawn Abyssal Knight on Oct 25, 2021.
             Was a Follower of Lugonu.
             Slain by a ynoxinul (8 damage)
             ... on level 4 of the Abyss.
             The game lasted 00:00:37 (105 turns).

meatgazer the Skirmisher (Demonspawn Abyssal Knight) Turns: 105, Time: 00:00:37

Health: 0/18       AC:  3    Str: 13    XL:     1   Next: 0%
Magic:  2/2        EV: 11    Int: 11    God:    Lugonu [*.....]
Gold:   0          SH:  0    Dex: 13    Spells: 0/0 levels left

rFire   . . .      SeeInvis .   a - +1 falchion
rCold   . . .      Faith    .   (no shield)
rNeg    . . .      Spirit   .   b - +0 leather armour
rPois   .          Reflect  .   (no helmet)
rElec   .          Harm     .   (no cloak)
rCorr   .          Rampage  .   (no gloves)
Will    .....                   (no boots)
Stlth   +.........              (no amulet)
HPRegen 0.00/turn               (no ring)
MPRegen 0.08/turn               (no ring)

@: weak-willed, inhibited regen, unable to read
A: [screaming 2], [inhibited regeneration], [inability to read while threatened]
a: Renounce Religion, Depart the Abyss


You were on level 4 of the Abyss.
You worshipped Lugonu.
Lugonu was aware of your devotion.
You visited 0 branches of the dungeon, and saw 0 of its levels.
You visited the Abyss 1 time.

Inventory:

Hand Weapons
 a - a +1 falchion (weapon)
Armour
 b - a +0 leather armour (worn)


   Skills:
 + Level 3.0 Fighting
 + Level 1.7 Long Blades
 + Level 1.7 Armour
 + Level 0.8 Dodging
 + Level 2.4 Invocations


You couldn't memorise any spells.
You didn't know any spells.
Your spell library was empty.

Dungeon Overview and Level Annotations

Branches:
Dungeon (0/15)

Altars:


Innate Abilities, Weirdness & Mutations

[You frequently scream uncontrollably at your foes.]
[You do not regenerate when monsters are visible.]
[You sometimes lose the ability to read scrolls when taking damage.]


Message History

You enter the shallow water.
Moving in this stuff is going to be slow.
An ancient zyme comes into view.
You feel yourself growing ill in the presence of the ancient zyme.
A large abomination comes into view.
You enter the shallow water.
Moving in this stuff is going to be slow.
Found a corrupted altar of Lugonu.
You enter the shallow water.
Moving in this stuff is going to be slow.
As you read the scroll labelled OTUFUZAD OJYRE, it crumbles to dust.
Magic quickly surges around you.
It was a scroll of vulnerability.
As you read the scroll labelled RUAPPI CEOCETA, it crumbles to dust.
The scroll dissolves into smoke.
It was a scroll of fog.
A ynoxinul comes into view.
The ynoxinul bellows!
Found 15 stones.
A wretched star comes into view.
The wretched star pulses with an eldritch light!
You lose the ability to read scrolls when threatened.
The ynoxinul barely misses you.
You slash the ynoxinul!
The ynoxinul is moderately wounded.
The wretched star pulses with an eldritch light!
You feel the urge to shout.
You feel a strong urge to scream.
Your regeneration stops near monsters.
The ynoxinul hits you!
You hit the ynoxinul.
The ynoxinul is moderately wounded.
The ynoxinul hits you.
You feel threatened and lose the ability to read scrolls!
You hit the ynoxinul.
The ynoxinul is heavily wounded.
You can read scrolls again.
The ynoxinul barely misses you.
You hit the ynoxinul.
The ynoxinul is heavily wounded.
The ynoxinul hits you!
You feel threatened and lose the ability to read scrolls!
You die...

#≈≈≈.≈≈.###
#≈≈.≈≈....#
##≈≈≈≈≈≈..#
#####.≈≈≈≈≈≈..#
........#..#..#
...#(.#.#. .# .##
..##.#....##
.....#.#.#.#...#
.......@##.#.### ##
##..##3.##...#.#####.
## ..#..#.#.§.#.# #
... .*.#.#.#####.#
#.#.... ...#. # #. #
#§§ . . ..# .. . #. #
§§.### #. . . #..#.
#§##...# ..
#....##§§##. .#
#≈≈≈≈≈ #§#§....#


You could see a wretched star and a ynoxinul.

Vanquished Creatures (others)
  4 tentacles (Abyss:4)
4 creatures vanquished.

Notes
Turn   | Place    | Note
-------+----------+-------------------------------------------
     0 | Abyss:1  | meatgazer the Demonspawn Abyssal Knight began the quest for
                  | the Orb.
     0 | Abyss:1  | Reached XP level 1. HP: 18/18 MP: 2/2
    53 | Abyss:4  | Noticed a kraken
    73 | Abyss:4  | Noticed an ancient zyme
    74 | Abyss:4  | Noticed a large abomination
    75 | Abyss:4  | Found a corrupted altar of Lugonu.
    83 | Abyss:4  | Noticed a large abomination
    98 | Abyss:4  | Noticed a ynoxinul
   101 | Abyss:4  | Noticed a wretched star
   105 | Abyss:4  | Slain by a ynoxinul

Illustrated notes

Levels and vault maps discovered:
Abyss:4:  base: Temple, evilmike_nicolae_abyss_rune_betentacled_crabyss,
          minivault_1

Action                   || total
-------------------------++-------
Melee: Falchion          ||     4
  Use: Scroll            ||     2
Dodge: Dodged            ||     2

Table legend: (Time is in decaauts)
 A = Elapsed time spent in this place.
 B = Non-inter-level travel time spent in this place.
 C = Inter-level travel time spent in this place.
 D = Time resting spent in this place.
 E = Time spent auto-exploring this place.
 F = Levels seen in this place.
 G = Mean time per level.
                   A        B        C        D        E       F      G
               +--------+--------+--------+--------+--------+-----+--------+
         Total |    111 |    111 |      0 |      0 |     28 |   4 |   27.8 |
         Abyss |    111 |    111 |      0 |      0 |     28 |   4 |   27.8 |
               +--------+--------+--------+--------+--------+-----+--------+

Top non-repeatable levels by time:
 Abyss:4: 61 daAuts
 Abyss:2: 20 daAuts
 Abyss:3: 16 daAuts
 Abyss:1: 13 daAuts
